 Dungeon Crawl Stone Soup version 0.29-a0-121-g8efb068a30 (webtiles) character file.

Game seed: 2199066270111394109

66 skittles the Ruffian (level 4, 0/40 HPs)
             Began as a Ghoul Monk on Feb 21, 2022.
             Killed by divine providence
             ... invoked by an orc priest
              (10 damage)
             ... on level 3 of the Dungeon.
             The game lasted 00:04:29 (2209 turns).

skittles the Ruffian (Ghoul Monk)                   Turns: 2209, Time: 00:04:29

Health: 0/40       AC:  2    Str: 15 (16) XL:     4   Next: 15%
Magic:  3/3        EV: 13    Int:  5      God:
Gold:   145        SH:  5    Dex: 11      Spells: 3/3 levels left

rFire   . . .      SeeInvis .     - Unarmed
rCold   + . .      Faith    .   (no shield)
rNeg    + + +      Spirit   .   a - +0 robe
rPois   ∞          Reflect  +   (no helmet)
rElec   .          Harm     .   (no cloak)
rCorr   .          Rampage  .   (no gloves)
Will    +....                   (no boots)
Stlth   ++........              k - amulet of reflection
HPRegen 0.00/turn               c - +4 ring of evasion
MPRegen 0.08/turn               o - ring of willpower

@: inhibited regen, constricted
A: claws 1, cold resistance 1, negative energy resistance 3, inhibited
regeneration, torment resistance 2
a: no special abilities


You were on level 3 of the Dungeon.
You visited 1 branch of the dungeon, and saw 3 of its levels.

You collected 145 gold pieces.

Inventory:

Missiles
 f - 14 poisoned darts (quivered)
 g - 6 datura-tipped darts
Armour
 a - a +0 robe (worn)
Jewellery
 c - a +4 ring of evasion (left claw)
 k - an amulet of reflection (around neck)
 o - a ring of willpower (right claw)
Scrolls
 i - a scroll of teleportation
Potions
 d - a potion of resistance
 e - 3 potions of flight
 h - a potion of mutation
 j - a potion of heal wounds
 l - a potion of magic {unknown}


   Skills:
 * Level 4.2 Fighting
 - Level 2.6 Dodging
 + Level 2.9 Stealth
 * Level 4.2 Unarmed Combat


You had 3 spell levels left.
You didn't know any spells.
Your spell library contained the following spells:

 Spells                   Type           Power      Damage    Failure   Level
 Alistair's Intoxication  Tmut/Pois      0%         N/A       100%        5
 Borgnjor's Vile Clutch   Necr/Erth      0%         N/A       100%        5
 Eringya's Noxious Bog    Tmut/Pois      0%         N/A       100%        6


Dungeon Overview and Level Annotations

Branches:
Dungeon (3/15)

Altars:


Innate Abilities, Weirdness & Mutations

You thrive by killing the living.
You are immune to poison.
You have sharp fingernails.
Your flesh is cold resistant. (rC+)
You are immune to negative energy. (rN+++)
You do not regenerate when monsters are visible.
You are immune to unholy pain and torment.


Message History

The orc priest hits you with a +0 short sword.
The orc barely misses you. The orc hits you but does no damage.
The orc closely misses you.
You barely miss the orc priest. The orc barely misses you.
The orc hits you but does no damage. The orc barely misses you.
You claw the orc priest!
The orc priest is heavily wounded.
A frilled lizard comes into view.
The orc priest hits you with a +0 short sword.
Something hits you.
You block the orc's attack. x2; The ball python bites you.
The ball python barely misses you. The orc barely misses you.
The frilled lizard hisses angrily.
You scratch the orc priest.
The orc priest is heavily wounded.
The orc priest misses you. The orc hits you with a +0 short sword.
Something hits you. The ball python completely misses you.
The ball python grabs you. The ball python constricts you.
The orc completely misses you. The orc hits you with a +0 mace.
You feel better.
The orc priest calls down the wrath of Beogh upon you.
Beogh smites you!
* * * LOW HITPOINT WARNING * * *
You block the orc's attack. Something hits you.
* * * LOW HITPOINT WARNING * * *
The ball python closely misses you. The ball python constricts you.
The orc closely misses you. The orc hits you but does no damage.
You feel better. You block the orc priest's attack.
The ball python closely misses you. The ball python constricts you.
The orc hits you with a +0 short sword. Something barely misses you.
The orc closely misses you. x2
You scratch something but do no damage. The ball python bites you.
The ball python constricts you. The orc priest closely misses you.
The orc misses you. Something hits you. You block the orc's attack.
The orc hits you with a +0 mace.
* * * LOW HITPOINT WARNING * * *
You closely miss the orc. The ball python closely misses you.
The ball python constricts you.
The orc priest invokes the aid of Beogh against you.
Beogh smites you!
You die...

......).........#
......#.........# ...
#.....#.........# ...#
..#.........$.<.# #...#
.##...#(........###.....
......######..#.........
.................#......
..#....#####.##.oo......
................@.h.....
#.......####.##Sooh.....
##.... #.###hl...... ...
......... .. .........
##........ ..####>## ...
.#


You could see an orc priest, 3 orcs, 3 jackals, a ball python and a frilled
lizard.

Vanquished Creatures
  2 adders
  A worm (D:2)
  A dart slug (D:2)
  4 endoplasms
  3 goblins
  9 hobgoblins
  A quokka (D:1)
  4 ball pythons
  3 bats
  A frilled lizard (D:1)
  9 kobolds
  5 rats
43 creatures vanquished.

Vanquished Creatures (others)
  A fungus (D:3)
1 creature vanquished.

Grand Total: 44 creatures vanquished

Notes
Turn   | Place    | Note
-------+----------+-------------------------------------------
     0 | D:1      | skittles the Ghoul Monk began the quest for the Orb.
     0 | D:1      | Reached XP level 1. HP: 19/19 MP: 0/0
    40 | D:1      | Reached XP level 2. HP: 9/26 MP: 1/1
   517 | D:1      | Reached XP level 3. HP: 15/33 MP: 2/2
  2084 | D:3      | Reached XP level 4. HP: 25/40 MP: 3/3
  2209 | D:3      | Killed from afar by an orc priest

Illustrated notes

Levels and vault maps discovered:
D:1:      nicolae_arrival_somewhat_less_tricky_arrival, layout_rooms,
          minmay_tetromino_s2
D:2:      layout_rooms, kennysheep_potato
D:3:      layout_rooms, shapermc_ecumenical_altar_rom_forum

Skill      XL: |  1  2  3 |
---------------+----------+-----
Fighting       | 4 |  4.2
Unarmed Combat | 4 |  4.2
Dodging        | |  2.6
Stealth        | |  2.9

Action                   |  1- 3 |  4- 6 || total
-------------------------+-------+-------++-------
Melee: Unarmed           |   127 |    13 ||   140
       Punch             |     1 |       ||     1
  Use: Scroll            |     7 |       ||     7
       Potion            |     2 |     2 ||     4
 Stab: Sleeping          |     3 |       ||     3
Armor: Robe              |     8 |     4 ||    12
Dodge: Dodged            |    96 |    25 ||   121
Block: Other             |    18 |     6 ||    24

Table legend: (Time is in decaauts)
 A = Elapsed time spent in this place.
 B = Non-inter-level travel time spent in this place.
 C = Inter-level travel time spent in this place.
 D = Time resting spent in this place.
 E = Time spent auto-exploring this place.
 F = Levels seen in this place.
 G = Mean time per level.
                   A        B        C        D        E       F      G
               +--------+--------+--------+--------+--------+-----+--------+
         Total |   2197 |   2123 |     74 |    646 |   1017 |   3 |  732.3 |
       Dungeon |   2197 |   2123 |     74 |    646 |   1017 |   3 |  732.3 |
               +--------+--------+--------+--------+--------+-----+--------+

Top non-repeatable levels by time:
     D:1: 1233 daAuts
     D:2: 795 daAuts
     D:3: 168 daAuts
